 Dungeon Crawl Stone Soup version 0.23-a0-402-g64599a1 (webtiles) character file.

185 Firecrotchwizard the Cudgeler (level 5, -1/42 HPs)
             Began as a Human Berserker on Nov 3, 2018.
             Was a Believer of Trog.
             Slain by an adder (2 damage)
             ... on level 4 of the Dungeon on Nov 5, 2018.
             The game lasted 00:05:12 (3880 turns).

Firecrotchwizard the Cudgeler (Human Berserker)     Turns: 3880, Time: 00:05:13

Health: -1/42      AC:  2    Str: 18    XL:     5   Next: 96%
Magic:  0/5        EV: 13    Int:  7    God:    Trog [**....]
Gold:   180        SH:  0    Dex: 13    Spells: 4/4 levels left

rFire    . . .     SeeInvis .   a - +0 mace
rCold    . . .     Gourm    .   (no shield)
rNeg     . . .     Faith    .   b - +0 animal skin
rPois    .         Spirit   +   (no helmet)
rElec    .         Reflect  .   l - scarf {Spirit}
rCorr    .         Harm     .   (no gloves)
MR       .....                  (no boots)
Stlth    +.........             (no amulet)
HPRegen  0.14/turn              (no ring)
MPRegen  0.09/turn              (no ring)

@: lethally poisoned (-1 -> -3)
A: no striking features
a: Berserk, Trog's Hand, Renounce Religion


You were on level 4 of the Dungeon.
You worshipped Trog.
Trog was pleased with you.
You were not hungry.

You visited 1 branch of the dungeon, and saw 4 of its levels.

You collected 180 gold pieces.

Inventory:

Hand Weapons
 a - a +0 mace (weapon)
Armour
 b - a +0 animal skin (worn)
 l - a scarf of spirit shield (worn)
   (You found it on level 2 of the Dungeon)
Jewellery
 t - an uncursed amulet of rage {unknown}
   (You found it on level 3 of the Dungeon)
Scrolls
 d - a scroll of magic mapping {unknown}
 e - a scroll of enchant armour {unknown}
 f - 3 scrolls of identify {unknown}
 g - a scroll of teleportation {unknown}
 n - a scroll of amnesia {unknown}
 o - 2 scrolls of remove curse
 p - a scroll of enchant weapon {unknown}
 s - a scroll of immolation {unknown}
Potions
 h - a potion of degeneration {unknown}
 i - a potion of invisibility {unknown}
 j - a potion of might {unknown}
 k - 4 potions of curing {unknown}
 m - a potion of ambrosia {unknown}
 q - 4 potions of brilliance {unknown}
 r - a potion of haste {unknown}
Comestibles
 c - a ration


   Skills:
 + Level 4.0 Fighting
 * Level 4.8 Maces & Flails
 - Level 2.0 Armour
 + Level 3.2 Dodging


You had 4 spell levels left.
You didn't know any spells.
Your spell library was empty.

Dungeon Overview and Level Annotations

Branches:
Dungeon (4/15)
 Temple: D:4-7

Altars:
Cheibriados
Nemelex Xobeh
Wu Jian


Message History

You take 3 damage, and have 19/42 hp.
You now have 2/5 mp.
You hit the hound.
You kill the hound!
Trog accepts your kill.
Your Dodging skill increases to level 3!
You hit the centaur skeleton. The centaur skeleton barely misses you.
The centaur skeleton hits you but does no damage.
You sock the centaur skeleton! The centaur skeleton hits you.
You take 5 damage, and have 14/42 hp.
You now have 2/5 mp.
You hit the centaur skeleton. The centaur skeleton hits you.
* * * LOW HITPOINT WARNING * * *
The centaur skeleton misses you.
You take 4 damage, and have 10/42 hp.
You hit the centaur skeleton. The centaur skeleton hits you.
* * * LOW HITPOINT WARNING * * *
You take 3 damage, and have 7/42 hp.
A red film seems to cover your vision as you go berserk!
You feel yourself moving faster!
You feel mighty!
You are feeling very hungry.
The centaur skeleton barely misses you.
The centaur skeleton closely misses you.
You now have 11/63 hp.
You thump the centaur skeleton!
You destroy the centaur skeleton!
Trog accepts your kill.
You feel a strong urge to attack something.
You feel your anger nearly subside.
You are no longer berserk.
You are exhausted.
You feel yourself slow down.
You now have 8/42 hp.
There is a stone staircase leading up here.
You start resting.
You feel yourself speed up.
You regained 5 hp, and now have 14/42 hp.
MP restored: 5 You start resting.
You are near starving!
You start resting.
You recover from your berserk rage.
You eat one of the 2 rations.
That ration really hit the spot!
You start resting.
Health restored: 42 An ooze comes into view.
The ooze quivers.
An ooze is nearby!
You sock the ooze! The ooze closely misses you.
You hit the ooze. The ooze hits you.
You take 1 damage, and have 41/42 hp.
You hit the ooze.
You kill the ooze!
Trog accepts your kill.
Your Fighting skill increases to level 4!
No target in view!
A gnoll comes into view. It is wielding a +0 club.
Health restored: 42 A gnoll is nearby!
A gnoll and an ogre come into view.
The gnoll is wielding a +2 whip of flaming.
The gnoll shouts!
The ogre shouts!
A gnoll comes into view. It is wielding a +0 spear.
An adder comes into view.
The adder hisses angrily.
You sock the adder! The adder bites you.
You take 3 damage, and have 39/42 hp.
You completely miss the adder. The adder completely misses you.
The adder barely misses you.
You miss the adder. The adder bites you. The gnoll hits you with a +0 club.
You take 7 damage, and have 32/42 hp.
You barely miss the adder. The adder bites you but does no damage.
The adder closely misses you. The gnoll hits you with a +0 club.
You take 2 damage, and have 30/42 hp.
You now have 4/5 mp.
You closely miss the adder. The adder bites you but does no damage.
The gnoll hits you from afar with a +0 spear!
The gnoll hits you but does no damage.
You take 7 damage, and have 23/42 hp.
You now have 3/5 mp.
You barely miss the adder. The adder barely misses you.
The ogre hits you with a +0 giant club!
* * * LOW HITPOINT WARNING * * *
The gnoll closely misses you. The gnoll hits you with a +0 club.
* * * LOW HITPOINT WARNING * * *
The adder bites you.
* * * LOW HITPOINT WARNING * * *
You take 20 damage, and have 3/42 hp.
MASSIVE DAMAGE!!
You now have 1/5 mp.
The ogre barely misses you. The adder bites you.
* * * LOW HITPOINT WARNING * * *
You are lethally poisoned!
The adder poisons you!
* * * LOW HITPOINT WARNING * * *
You feel sick. The adder completely misses you.
You take 1 damage, and have 2/42 hp.
The adder completely misses you.
* * * LOW HITPOINT WARNING * * *
You feel sick.
You take 1 damage, and have 1/42 hp.
The ogre completely misses you. The adder bites you.
You die...

#.# #.# #.## .
#..## ...
##g.#+++#.....
###g..........
#...#.#..[#### .
#.g.#.#+####
....#..OS@.....#
........##.....#
........##.....#
####....##.....#
#######.<...#
#.....# #.....#
#.....# #.....#


You could see an ogre, a gnoll and an adder.

Vanquished Creatures
  A hound (D:4)
  A centaur skeleton (D:4)
  4 adders
  2 oozes
  A worm (D:2)
  3 dart slugs
  2 orcs (D:3)
  3 ball pythons
  5 giant cockroaches
  5 goblins
  8 hobgoblins
  3 quokkas
  12 bats
  3 frilled lizards
  10 kobolds
  6 rats
69 creatures vanquished.

Notes
Turn   | Place    | Note
-------+----------+-------------------------------------------
     0 | D:1      | Firecrotchwizard the Human Berserker began the quest for
                  | the Orb.
     0 | D:1      | Reached XP level 1. HP: 18/18 MP: 1/1
   248 | D:1      | Upgraded the game from 0.23-a0-396-g5214e5f to
                  | 0.23-a0-402-g64599a1
   353 | D:1      | Reached XP level 2. HP: 24/24 MP: 2/2
   783 | D:1      | Reached XP level 3. HP: 24/29 MP: 3/3
  1167 | D:2      | Reached ** piety under Trog
  1196 | D:2      | Reached XP level 4. HP: 23/35 MP: 4/4
  1506 | D:2      | Reached skill level 4 in Maces & Flails
  2046 | D:2      | Found a sparkling altar of Nemelex Xobeh.
  2311 | D:2      | Reached XP level 5. HP: 38/42 MP: 5/5
  3167 | D:3      | Found an ornate altar of the Wu Jian Council.
  3597 | D:4      | Reached skill level 3 in Dodging
  3600 | D:4      | HP: 10/42 [centaur skeleton (4)]
  3848 | D:4      | Reached skill level 4 in Fighting
  3856 | D:4      | Noticed an ogre
  3874 | D:4      | HP: 10/42 [ogre/+0 giant club (13)]
  3874 | D:4      | HP: 3/42 [adder (2)]
  3878 | D:4      | HP: 1/42 [poisoned by an adder]
  3880 | D:4      | Slain by an adder

Vault maps used:
D:1:      lordsloth_arrival_two_stooges, cheibriados_altar_1
D:2:      minmay_diamond_boxcup, nemelex_diamond_rough_becter
D:3:      marbit_many_paths, kennysheep_small_spiral, minmay_crystal_room
D:4:      kennysheep_windowed_goal

Skill      XL: |  1  2  3  4  5 |
---------------+----------------+-----
Maces & Flails | 4 |  4.8
Dodging        | 3 |  3.2
Fighting       | 4 |  4.0
Armour         | |  2.0

Action                   |  1- 3 |  4- 6 || total
-------------------------+-------+-------++-------
Melee: Mace              |    76 |   136 ||   212
Invok: Berserk           |     1 |     1 ||     2
  Use: Scroll            |       |     1 ||     1
 Stab: Sleeping          |       |     4 ||     4
  Eat: Chunk             |     2 |     7 ||     9
       Ration            |       |     1 ||     1
Armor: Animal skin       |    14 |    24 ||    38
Dodge: Dodged            |    57 |   106 ||   163

Table legend:
 A = Non-vault XP
 B = Vault XP
 C = Vault XP percentage of total XP
 D = Non-vault monster count
 E = Vault monster count
 F = Vault count percentage of total count
                 A         B        C        D         E       F
            +---------+---------+-------+---------+---------+-------
      Total |     242 |      23 |   8.7 |      60 |       9 |  13.0
            +---------+---------+-------+---------+---------+-------
        D:1 |      31 |       0 |   0.0 |      19 |       0 |   0.0
        D:2 |      88 |      21 |  19.3 |      26 |       8 |  23.5
        D:3 |      32 |       2 |   5.9 |      12 |       1 |   7.7
        D:4 |      91 |       0 |   0.0 |       3 |       0 |   0.0
            +---------+---------+-------+---------+---------+-------

Vault maps used:
D:1:      lordsloth_arrival_two_stooges, cheibriados_altar_1
D:2:      minmay_diamond_boxcup, nemelex_diamond_rough_becter
D:3:      marbit_many_paths, kennysheep_small_spiral, minmay_crystal_room
D:4:      kennysheep_windowed_goal

Table legend:
 A = Turns spent in this place as a percentage of turns spent in the entire game.
 B = Non-inter-level travel turns spent in this place as a percentage of non-inter-level travel turns spent in the entire game.
 C = Inter-level travel turns spent in this place as a percentage of turns spent in this place.
 D = Turns resting spent in this place as a percentage of non-inter-level travel turns spent in this place.
 E = Turns spent auto-exploring this place as a percentage of non-inter-level travel turns spent in this place.
 F = Non-inter-level travel turns spent in this place divided by the number of levels of this place that you've seen.
                   A       B       C       D       E      F
               +-------+-------+-------+-------+-------+----------------------
         Total | 100.0 | 100.0 |   3.2 |  39.6 |  46.7 | 938.5
       Dungeon | 100.0 | 100.0 |   3.2 |  39.6 |  46.7 | 938.5
               +-------+-------+-------+-------+-------+----------------------

Table legend:
 A = Kills in this place as a percentage of kills in entire the game.
 B = Kills by you in this place as a percentage of kills by you in the entire game.
 C = Kills by friends in this place as a percentage of kills by friends in the entire game.
 D = Other kills in this place as a percentage of other kills in the entire game.
 E = Experience gained in this place as a percentage of experience gained in the entire game.
 F = Experience gained in this place divided by the number of levels of this place that you have seen.
                   A       B       C       D       E      F
               +-------+-------+-------+-------+-------+----------------------
         Total | 100.0 | 100.0 |   N/A |   N/A | 100.0 |  66.2
       Dungeon | 100.0 | 100.0 |   N/A |   N/A | 100.0 |  66.2
               +-------+-------+-------+-------+-------+----------------------
